 Dungeon Crawl Stone Soup version 0.22-a0-299-g43f9854 (webtiles) character file.

10 sankara the Firebug (level 2, 19/19 HPs)
             Began as a Demonspawn Fire Elementalist on Mar 25, 2018.
             Got out of the dungeon alive.
             The game lasted 00:01:01 (397 turns).

sankara the Firebug (Demonspawn Fire Elementalist)   Turns: 397, Time: 00:01:01

Health: 19/19      AC:  2    Str:  8    XL:     2   Next: 10%
Magic:  5/5        EV: 12    Int: 16    God:
Gold:   26         SH:  0    Dex: 13    Spells: 4/5 levels left

rFire    . . .     SeeInvis .   (no weapon)
rCold    . . .     Gourm    .   (no shield)
rNeg     . . .     Faith    .   a - +0 robe
rPois    .         Spirit   .   (no helmet)
rElec    .         Reflect  .   (no cloak)
rCorr    .         Harm     .   (no gloves)
MR       .....                  (no boots)
Stlth    ++........             (no amulet)
HPRegen  0.06/turn              (no ring)
MPRegen  0.09/turn              (no ring)

@: no status effects
A: hooves 1
a: no special abilities


You escaped.
You were not hungry.

You visited 1 branch of the dungeon, and saw 1 of its levels.

You collected 26 gold pieces.

Inventory:

Missiles
 b - 56 stones (quivered)
Armour
 a - a +0 robe (worn)
Comestibles
 c - 2 rations
 d - 3 chunks of flesh {@w0}


   Skills:
 - Level 1.7 Dodging
 - Level 1.7 Stealth
 + Level 2.2 Spellcasting
 + Level 1.5 Conjurations
 + Level 2.9 Fire Magic


You had 4 spell levels left.
You knew the following spells:

 Your Spells              Type           Power        Failure   Level  Hunger
a - Flame Tongue          Conj/Fire      #....        9%          1    #......


Dungeon Overview and Level Annotations

Branches:
Dungeon (1/15)

Altars:


Innate Abilities, Weirdness & Mutations

You have large cloven feet.


Message History

Unknown command.
A dart slug is nearby!
Casting: Flame Tongue (safe; 9% risk of failure)
Confirm with . or Enter, or press ? or * to list all spells.
You can't see any susceptible monsters within range! (Use Z to cast anyway.) Unknown command.
Casting: Flame Tongue (safe; 9% risk of failure)
Confirm with . or Enter, or press ? or * to list all spells.
Aiming: Flame Tongue (safe; 9% risk of failure)
Press: ? - help, Shift-Dir - straight line, f - dart slug
Aim: a dart slug (clinging)
The flame tongue hits the dart slug.
You kill the dart slug!
You see here a dart slug corpse.
You butcher the dart slug corpse.
d - 2 chunks of flesh {@w0} You start resting.
Magic restored.
b - 24 stones (gained 8)
You now have 26 gold pieces (gained 12).
A hobgoblin comes into view.
A hobgoblin is nearby!
The hobgoblin shouts!
You hear a shout! x2
Casting: Flame Tongue (safe; 9% risk of failure)
Confirm with . or Enter, or press ? or * to list all spells.
Aiming: Flame Tongue (safe; 9% risk of failure)
Press: ? - help, Shift-Dir - straight line, f - hobgoblin
Aim: a hobgoblin The flame tongue hits the hobgoblin.
You kill the hobgoblin!
b - 51 stones (gained 27)
c - 2 rations (gained 1)
A kobold comes into view.
A goblin comes into view.
There are monsters nearby!
Casting: Flame Tongue (safe; 9% risk of failure)
Confirm with . or Enter, or press ? or * to list all spells.
Aiming: Flame Tongue (safe; 9% risk of failure)
Press: ? - help, Shift-Dir - straight line, f - goblin
Aim: a goblin You miscast Flame Tongue.
You are very lightly contaminated with residual magic.
Nothing appears to happen.
The kobold misses you. The goblin closely misses you.
Casting: Flame Tongue (safe; 9% risk of failure)
Confirm with . or Enter, or press ? or * to list all spells.
Aiming: Flame Tongue (safe; 9% risk of failure)
Press: ? - help, Shift-Dir - straight line, f/p - goblin
Aim: a goblin The flame tongue misses the goblin.
The kobold hits you but does no damage. The goblin hits you.
Casting: Flame Tongue (safe; 9% risk of failure)
Confirm with . or Enter, or press ? or * to list all spells.
Aiming: Flame Tongue (safe; 9% risk of failure)
Press: ? - help, Shift-Dir - straight line, f/p - goblin
Aim: a goblin The flame tongue hits the goblin.
You kill the goblin!
You have reached level 2!
Your demonic ancestry asserts itself...
Your feet thicken and deform.
The kobold closely misses you.
A bat comes into view.
Casting: Flame Tongue (safe; 9% risk of failure)
Confirm with . or Enter, or press ? or * to list all spells.
You don't have enough magic to cast that spell.
Unknown command.
You closely miss the kobold. The kobold barely misses you.
You barely miss the kobold. The kobold barely misses you.
You hit the kobold.
The kobold is severely wounded.
The bat barely misses you. The bat hits you. The kobold closely misses you.
You barely miss the kobold.
You kill the kobold!
The bat barely misses you. The bat misses you.
Things that are here:
5 stones; a kobold corpse
Casting: Flame Tongue (safe; 9% risk of failure)
Confirm with . or Enter, or press ? or * to list all spells.
You don't have enough magic to cast that spell.
Unknown command.
You hit the bat but do no damage. Your kick misses the bat. The bat hits you.
You barely miss the bat. The bat barely misses you.
The bat hits you but does no damage. The bat hits you but does no damage.
You hit the bat but do no damage. The bat barely misses you.
You hit the bat.
You kill the bat!
b - 56 stones (gained 5)
You see here a kobold corpse.
You see here a goblin corpse.
You butcher the goblin corpse.
d - 3 chunks of flesh {@w0} (gained 1)
You see here a goblin skeleton.
Your magical contamination has completely faded away.
HP restored.
There is a staircase leading out of the dungeon here.
Are you sure you want to leave the Dungeon?
This will make you lose the game!
You have escaped!

##.###..##
#.## ###.##
##.# ##.#
#.## #.##
#.# ##.#
#.# #.#
#.## #.#
##.### #.#
#.#@# #.#
##.## #.#
#.# ###
##.# #.#
#.## #.#
##.# #.#
##.## ###
#.# ###.##
..# #.#
#######..##
#.#####.#
##......###


There were no monsters in sight!

Vanquished Creatures
  A dart slug (D:1)
  A leopard gecko (D:1)
  2 goblins (D:1)
  A hobgoblin (D:1)
  A bat (D:1)
  A kobold (D:1)
7 creatures vanquished.

Notes
Turn   | Place    | Note
-------+----------+-------------------------------------------
     0 | D:1      | sankara the Demonspawn Fire Elementalist began the quest for the Orb.
     0 | D:1      | Reached XP level 1. HP: 13/13 MP: 3/3
   259 | D:1      | Gained mutation: You have large cloven feet. [demonic ancestry]
   259 | D:1      | Reached XP level 2. HP: 13/19 MP: 0/5
   397 | D:$      | Got out of the dungeon alive.

Vault maps used:
D:1:      dpeg_arrival_solitude

Action                   || total
-------------------------++-------
Melee: Unarmed           ||     8
       Kick              ||     2
 Cast: Flame Tongue      ||     8
Armor: Robe              ||     3
Dodge: Dodged            ||    11

Table legend:
 A = Spawn XP
 B = Non-spawn XP
 C = Spawn XP percentage of total XP
 D = Spawn monster count
 E = Non-spawn monster count
 F = Spawn count percentage of total count
 G = Total turns spent on level
                    A         B        C        D         E        F      G
               +---------+---------+-------+---------+---------+-------+---------
         Total |       0 |      15 |   0.0 |       0 |       7 |   0.0 |   397
               +---------+---------+-------+---------+---------+-------+---------
           D:1 |       0 |      15 |   0.0 |       0 |       7 |   0.0 |   397
               +---------+---------+-------+---------+---------+-------+---------

Vault maps used:
D:1:      dpeg_arrival_solitude

Table legend:
 A = Turns spent in this place as a percentage of turns spent in the entire game.
 B = Non-inter-level travel turns spent in this place as a percentage of non-inter-level travel turns spent in the entire game.
 C = Inter-level travel turns spent in this place as a percentage of turns spent in this place.
 D = Turns resting spent in this place as a percentage of non-inter-level travel turns spent in this place.
 E = Turns spent auto-exploring this place as a percentage of non-inter-level travel turns spent in this place.
 F = Non-inter-level travel turns spent in this place divided by the number of levels of this place that you've seen.
                   A       B       C       D       E      F
               +-------+-------+-------+-------+-------+----------------------
         Total | 100.0 | 100.0 |  29.7 |  10.4 |  58.8 | 279.0
       Dungeon | 100.0 | 100.0 |  29.7 |  10.4 |  58.8 | 279.0
               +-------+-------+-------+-------+-------+----------------------

Table legend:
 A = Kills in this place as a percentage of kills in entire the game.
 B = Kills by you in this place as a percentage of kills by you in the entire game.
 C = Kills by friends in this place as a percentage of kills by friends in the entire game.
 D = Other kills in this place as a percentage of other kills in the entire game.
 E = Experience gained in this place as a percentage of experience gained in the entire game.
 F = Experience gained in this place divided by the number of levels of this place that you have seen.
                   A       B       C       D       E      F
               +-------+-------+-------+-------+-------+----------------------
         Total | 100.0 | 100.0 |   N/A |   N/A | 100.0 |  15.0
       Dungeon | 100.0 | 100.0 |   N/A |   N/A | 100.0 |  15.0
               +-------+-------+-------+-------+-------+----------------------
